cohdb
Replays
Latest Replays
All Replays
Popular Replays
Top Player Replays
Match Explorer
How It Works
Community
CoH3 Stats
Reddit
Sign in to upload your games and track your stats! →
Sign in with Steam
Match 38203683
Unlisted
Match 38203683
Overview
Messages
Build Orders
End
Selects Special Operations Battlegroup
Selects M29 Weasel Recon Vehicle
M29 Weasel Recon Vehicle
Construct Weapon Support Center
Sniper
M1919 Machine Gun Team
Engineer Squad
Construct Medical Station
Selects Raiding Flares
Engineer Squad
Mechanized Support Center
Selects SSF Commando Squad
SSF Commando Squad
SSF Commando Squad
Construct Tank Depot
SSF Commando Squad
M4A1 Sherman Medium Tank
Selects P-47 Anti-Infantry Loiter
M4A1 76mm Conversion
Raiding Flares
Engineer Squad
SSF Commando Squad
P-47 Anti-Infantry Loiter
Selects M4A1 Sherman Whizbang
M4A1 Sherman Whizbang
Raiding Flares
Raiding Flares
Engineer Squad
๖ۣۜF1re
MightySwift
A tank
Mael Radec
0
0
Comments
sign in to comment!
No comments posted yet!